Map: Arctic Dream LE

Players

LFRSergey

  • Race: Zerg Zerg
  • League: Diamond
  • Spawn Location: 5:00

Neyv

  • Race: Zerg Zerg
  • League: Diamond
  • Spawn Location: 6:00

Massa - Winner!

  • Race: Terran Terran
  • League: Platinum
  • Spawn Location: 12:00

qqq - Winner!

  • Race: Zerg Zerg
  • Spawn Location: 11:00

VOD

Have the link to the VOD?

Description

Time

  • Played on: Feb. 13, 2021, 2:45 p.m.
  • Length: 12:19
Show
View Real Time Build Order
Export as new Build Order

LFRSergey Zerg 

Build Orders: Pool First, Swarm Host 

Get SALT Encoding   

  12  0:00  Drone  
  13  0:08  Drone  
  14  0:21  Extractor x2, Drone x2  
  14  0:39  Spawning Pool  
  14  0:41  Drone  
  14  0:50  Overlord  
  14  1:09  Drone x3  
  17  1:26  Lair  
  17  1:30  Drone  
  18  1:41  Zergling x2  
  18  1:46  Drone  
  20  1:56  Drone, Evolution Chamber  
  20  2:04  Drone  
  21  2:13  Drone  
  22  2:22  Zerg Missile Weapons Level 1  
  22  2:26  Nydus Network  
  21  2:31  Drone  
  21  2:37  Infestation Pit  
  21  2:47  Drone  
  21  2:48  Overlord  
  21  3:08  Nydus Canal  
  21  3:14  Swarm Host x2  
  21  3:15  Queen  
  29  3:26  Overlord  
  29  3:32  Nydus Canal  
  29  3:44  Swarm Host  
  32  3:50  Nydus Canal  
  32  3:51  Swarm Host  
  35  4:00  Drone  
  36  4:16  Nydus Canal  
  36  4:24  Overlord  
  29  5:15  Swarm Host  
  29  5:16  Swarm Host x3  
  29  5:21  Nydus Canal  
  41  5:23  Drone x2  
  43  5:32  Hatchery  
  41  5:45  Drone x2  
  39  5:51  Nydus Canal  
  39  5:53  Drone  
  40  6:13  Evolution Chamber  
  40  6:15  Evolution Chamber  
  38  6:29  Nydus Canal  
  38  6:31  Drone x3  
  33  7:07  Drone x4  
  32  7:40  Drone  
  32  7:41  Drone x3  
  36  7:58  Spine Crawler  
  35  8:01  Drone  
  36  8:10  Drone  
  37  8:24  Drone  
  38  8:27  Nydus Network  
  37  8:44  Drone  
  37  8:45  Drone x5  
  44  8:48  Drone  
  44  9:03  Nydus Canal  
  44  9:11  Swarm Host  
  44  9:12  Swarm Host  
  50  9:17  Roach Warren  
  49  9:38  Nydus Canal  
  49  9:45  Swarm Host  
  49  9:48  Overlord x2  
  52  9:53  Spore Crawler  
  52  9:54  Spore Crawler  
  52  9:55  Drone  
  52  9:56  Spore Crawler  
  52  9:57  Spore Crawler  
  49  10:01  Hydralisk Den  
  49  10:06  Nydus Canal  
  48  10:09  Roach  
  48  10:10  Drone  
  51  10:18  Spore Crawler  
  50  10:25  Nydus Canal  
  50  10:33  Overseer  
  50  10:41  Hydralisk x2, Grooved Spines  
  54  11:05  Nydus Canal  
  54  11:08  Hydralisk  
  54  11:09  Hydralisk x2  
  60  11:12  Overlord  
  60  11:24  Overlord  
  60  11:31  Drone  
  61  11:41  Nydus Canal, Hydralisk  
  61  11:42  Hydralisk  
Show
View Real Time Build Order
Export as new Build Order

Neyv Zerg 

Build Orders: Hatch First 

Get SALT Encoding   

  12  0:03  Drone  
  13  0:13  Overlord  
  13  0:16  Drone  
  14  0:24  Extractor, Drone  
  15  0:31  Drone  
  16  0:36  Drone  
  17  0:52  Hatchery  
  17  0:55  Drone  
  17  0:59  Drone  
  18  1:09  Extractor  
  17  1:14  Spawning Pool  
  17  1:17  Drone  
  17  1:20  Drone  
  18  1:30  Drone  
  19  1:41  Drone  
  20  1:50  Drone  
  21  2:04  Queen x2  
  21  2:05  Zergling x4  
  27  2:14  Overlord  
  27  2:16  Metabolic Boost  
  27  2:19  Drone  
  28  2:40  Hatchery  
  27  2:48  Drone x6  
  33  3:01  Zergling x4  
  35  3:09  Evolution Chamber  
  35  3:10  Overlord  
  34  3:17  Zergling x4  
  36  3:24  Overlord x2  
  36  3:41  Zergling x2  
  35  3:45  Zergling x2  
  35  3:46  Zergling x8  
  38  4:01  Zergling x2  
  38  4:02  Zergling x12  
  45  4:07  Zerg Ground Armor Level 1, Baneling Nest  
  44  4:15  Queen  
  46  4:18  Drone x4  
  42  4:27  Zergling x2  
  42  4:28  Zergling x10  
  41  4:35  Spine Crawler  
  40  5:02  Zergling x2  
  40  5:03  Zergling x22  
  52  5:08  Lair  
  52  5:14  Zergling x6  
  45  5:39  Roach Warren  
  45  5:41  Drone  
  45  5:42  Drone x2, Extractor  
  38  5:58  Zergling x2  
  38  5:59  Zergling x4  
  40  6:04  Zerg Melee Weapons Level 1  
  40  6:09  Hydralisk Den  
  37  6:13  Extractor  
  37  6:14  Zergling x2  
  37  6:15  Zergling x30  
  49  6:18  Baneling  
  49  6:19  Baneling x3  
  49  6:24  Zergling x4  
  51  6:32  Zergling x2  
  50  6:48  Overlord x3  
  44  7:17  Baneling  
  44  7:18  Baneling x3  
  44  7:19  Zergling x10  
  44  7:20  Zergling x4  
  44  7:22  Drone x3  
  53  7:23  Drone x2  
  53  7:25  Muscular Augments  
  53  7:29  Drone  
  55  7:57  Overlord x2  
  40  8:16  Zergling x18  
  40  8:18  Centrifical Hooks  
  46  8:27  Zergling x2  
  47  8:37  Grooved Spines  
  46  8:42  Hatchery  
  46  8:44  Hydralisk  
  46  8:45  Hydralisk x5  
  48  8:58  Hydralisk x2  
  39  9:14  Roach x3  
  36  9:22  Hydralisk  
  34  9:40  Drone x6  
  40  9:55  Drone x4  
  44  10:05  Drone  
  45  10:18  Drone  
  45  10:19  Drone  
  47  10:24  Drone x3  
  50  10:40  Drone x4, Infestation Pit  
  53  10:44  Drone  
  54  10:55  Drone  
  54  10:56  Drone x2  
  54  10:57  Drone  
  58  11:06  Drone  
  59  11:17  Infestor  
  59  11:18  Infestor  
  61  11:20  Hatchery, Infestor  
  64  11:36  Hydralisk x4  
Show
View Real Time Build Order
Export as new Build Order

Massa Terran - Winner!

Build Orders: 2 Factory 

Get SALT Encoding   

  12  0:00  SCV  
  13  0:12  SCV  
  14  0:17  Supply Depot  
  14  0:27  SCV  
  15  0:39  SCV  
  15  0:41  Barracks  
  16  0:45  Refinery  
  16  0:51  SCV  
  17  1:03  SCV  
  18  1:15  SCV  
  19  1:29  Supply Depot  
  19  1:30  Marine  
  19  1:31  Refinery  
  20  1:43  Orbital Command  
  20  1:47  Factory  
  20  2:04  Marine  
  21  2:14  Factory  
  21  2:22  Barracks Tech Lab  
  21  2:26  SCV  
  22  2:38  SCV  
  22  2:40  Hellion  
  25  2:50  SCV  
  26  2:58  Factory Reactor  
  26  3:08  Hellion, Infernal Pre-Igniter  
  26  3:09  Barracks Tech Lab  
  28  3:29  Hellion  
  30  3:49  Supply Depot  
  30  3:58  Command Center  
  30  4:10  Hellion x3  
  30  4:16  Supply Depot  
  29  4:32  Hellion x3  
  33  4:53  Hellion x3  
  35  5:00  Marine  
  35  5:02  SCV  
  35  5:15  Hellion x2  
  35  5:18  Marine  
  35  5:21  SCV  
  40  5:22  Orbital Command  
  37  5:35  Marine  
  36  5:56  Hellion x3  
  36  6:02  Marine  
  35  6:07  SCV x2  
  37  6:19  SCV x2  
  34  6:47  Marine  
  34  6:48  Hellion  
  34  6:51  Hellion  
  34  6:54  SCV x2  
  34  7:05  Marine  
  34  7:06  SCV x2  
  37  7:09  Hellion  
  37  7:13  Hellion  
  41  7:18  SCV  
  42  7:23  Marine  
  43  7:30  Hellion  
  43  7:34  Hellion  
  47  7:41  Marine  
  47  7:42  SCV x2  
  50  7:51  Barracks  
  50  7:52  Hellion  
  50  7:53  Barracks x2  
  50  7:54  SCV  
  50  7:55  SCV, Hellion  
  52  8:06  SCV  
  53  8:25  SCV  
  54  8:27  Supply Depot  
  54  8:28  Supply Depot  
  54  8:29  Supply Depot  
  54  8:33  SCV  
  54  8:38  SCV  
  54  8:48  SCV  
  54  8:49  Hellion x2  
  54  8:50  SCV  
  54  8:53  Supply Depot  
  60  9:00  SCV  
  61  9:10  Hellion x2  
  45  9:31  Hellion  
  45  9:33  Barracks Reactor, Barracks Tech Lab x2  
  45  9:34  Barracks Reactor  
  45  9:35  Factory Tech Lab  
  47  9:43  SCV x2  
  49  9:53  Factory Reactor  
  49  9:54  Marauder x2  
  49  9:55  SCV  
  54  10:15  Marauder, Marine  
  54  10:16  Starport, Engineering Bay  
  57  10:33  Marine  
  56  10:36  Marine  
  56  10:38  Siege Tank  
  56  10:39  Widow Mine x2  
  64  10:45  SCV x2  
  66  10:51  Refinery, Marine  
  67  10:57  SCV  
  67  10:58  SCV  
  67  11:00  Marauder, Marine x4  
  75  11:07  Hellion  
  75  11:10  Command Center  
  77  11:13  Supply Depot  
  77  11:14  Supply Depot  
  77  11:17  Marine, Supply Depot  
  77  11:18  Supply Depot  
  78  11:25  Supply Depot  
  78  11:32  Starport Reactor  
  78  11:35  Marauder, Marine x3, Supply Depot, Siege Tank  
  78  11:36  Hellion x2, Marauder, Marine  
  78  11:39  Sensor Tower, Missile Turret, Supply Depot  
  93  11:52  Marine  
  88  11:57  Marine  
  88  11:58  Hellion x2  
  88  12:00  Marine x3  
Show
View Real Time Build Order
Export as new Build Order

qqq Zerg - Winner!

Build Orders: Hatch First 

Get SALT Encoding   

  12  0:00  Drone  
  13  0:09  Drone  
  14  0:20  Overlord  
  14  0:45  Hatchery  
  13  0:59  Drone x2  
  13  1:00  Drone  
  16  1:12  Drone  
  17  1:24  Extractor, Drone, Spawning Pool  
  16  1:40  Drone  
  16  1:43  Drone  
  18  1:53  Drone  
  19  2:11  Queen  
  19  2:12  Queen  
  19  2:14  Zergling x4  
  19  2:15  Overlord  
  25  2:17  Zergling x2  
  27  2:22  Drone  
  27  2:28  Metabolic Boost  
  27  2:35  Zergling x2  
  27  2:37  Drone  
  29  2:43  Overlord  
  29  2:46  Drone  
  29  2:49  Zergling x2  
  31  3:01  Zergling x2  
  31  3:03  Drone, Zergling x2  
  34  3:10  Drone, Evolution Chamber  
  34  3:13  Drone  
  35  3:21  Overlord  
  35  3:32  Zergling x2  
  35  3:33  Zergling x4  
  39  3:34  Drone, Zergling x2  
  39  3:35  Zergling x2  
  40  3:43  Zergling x2  
  40  3:44  Drone, Zergling x2  
  42  3:53  Zergling x2  
  42  3:54  Drone  
  42  3:55  Zergling x4  
  46  4:00  Zerg Melee Weapons Level 1  
  46  4:06  Zergling x2  
  46  4:07  Zergling x4  
  49  4:18  Zergling x4  
  48  4:27  Zergling x2  
  48  4:28  Zergling x2  
  50  4:32  Zergling x4  
  50  4:34  Overlord x3  
  52  4:40  Overlord x2  
  47  4:54  Zergling x2  
  47  4:55  Zergling x2  
  42  5:01  Zergling x6  
  42  5:02  Zergling x2  
  42  5:11  Zergling x2  
  43  5:18  Zergling x2  
  43  5:19  Zergling x4  
  46  5:33  Zergling x2  
  46  5:34  Drone  
  48  5:39  Hatchery  
  48  5:40  Zergling x6  
  48  5:41  Drone, Zergling x4  
  53  5:45  Lair  
  53  5:53  Zergling x2  
  53  5:54  Drone  
  55  6:08  Zergling x2  
  55  6:09  Zergling x6  
  55  6:10  Drone, Zergling x6  
  62  6:18  Zerg Ground Armor Level 1, Zergling x2  
  62  6:19  Zergling x2  
  59  6:45  Drone, Zergling x4  
  59  6:46  Drone, Zergling x8  
  61  7:01  Zergling x6  
  63  7:02  Drone  
  63  7:08  Drone x2, Queen  
  56  7:10  Zergling x2  
  56  7:11  Zergling x2  
  56  7:14  Spire  
  51  7:16  Overlord  
  51  7:17  Zergling x6  
  51  7:18  Zergling x2  
  54  7:23  Zergling x2  
  54  7:24  Zergling x2  
  55  7:32  Zergling x2  
  55  7:33  Zergling x2  
  56  7:39  Zergling x2  
  56  7:40  Zergling x8  
  61  7:45  Drone  
  62  7:54  Zergling x4  
  62  7:55  Drone, Zergling x2  
  62  7:56  Zergling x2  
  62  7:57  Hatchery  
  64  8:05  Zergling x2  
  60  8:06  Zergling x10  
  58  8:16  Zergling x8  
  58  8:18  Drone, Zergling x2  
  63  8:26  Mutalisk  
  63  8:27  Mutalisk x2  
  63  8:33  Extractor  
  63  8:34  Extractor x2  
  66  8:38  Drone x2  
  66  8:39  Mutalisk, Zergling x4  
  72  8:52  Overlord  
  72  8:53  Drone x3  
  75  9:05  Zerg Flyer Weapons Level 1  
  75  9:06  Drone  
  75  9:08  Extractor  
  75  9:10  Extractor  
  75  9:12  Drone x6, Mutalisk  
  75  9:15  Zergling x4  
  80  9:34  Mutalisk x2  
  80  9:36  Zergling x6  
  80  9:37  Drone x3  
  80  9:38  Drone  
  90  9:49  Drone x5  
  90  9:50  Drone  
  96  9:55  Drone x3  
  99  10:11  Drone x3, Infestation Pit  
  99  10:13  Drone, Mutalisk  
  104  10:16  Mutalisk  
  106  10:21  Spine Crawler  
  105  10:46  Drone x3  
  105  10:47  Drone x4  
  105  10:48  Drone x4  
  116  10:57  Mutalisk x2  
  111  11:20  Mutalisk  
  111  11:21  Overlord x3  
  111  11:22  Overlord x3  
  112  11:42  Hatchery  
  112  11:46  Hatchery  
Tags
 
Add a new tag
Caveats
  • Supply blocks, unpowered buildings, or Contaminate may cause inaccurate times.
  • Supply counts are checked every 10 seconds.